 Dungeon Sprint DCSS version 0.17-a0-1719-g1afd5a1 (webtiles) character file.

13500000 ztt the Plane Walker (level 27, -11/272 (273) HPs)
             Began as a Ghoul Warper on Aug 27, 2015.
             Was the Champion of Makhleb.
             Killed from afar by The Defiler (91 damage)
             ... with a fireball
             ... in the Dungeon (Sprint VIII: "Arena of Blood").
             The game lasted 00:02:52 (135 turns).

ztt the Plane Walker (Ghoul Warper)                  Turns: 135, Time: 00:02:52

HP:   -11/272 (273) AC:  6    Str: 24    XL:     27
MP:   25/53         EV: 25    Int:  9    God:    Makhleb [******]
Gold: 0             SH:  0    Dex: 11    Spells: 3 memorised, 73 levels left

rFire  . . .     SeeInvis +     l - +∞ Axe of Woe
rCold  + . .     Clarity  .     b - +0 leather armour
rNeg   + + +     SustAt   .     (no shield)
rPois  ∞         Gourm    .     (no helmet)
rElec  .         Spirit   .     (no cloak)
rCorr  .         Warding  .     (no gloves)
rMut   .         NoTele   +     (no boots)
MR     ++...                    (no amulet)
Stlth  +++++++++.               (no ring)
                                m - ring of see invisible

@: rotting, slowed, very slow, very resistant to hostile enchantments,
incredibly stealthy
A: rotting body, claws 1, carnivore 3, cold resistance 1, negative energy
resistance 3, slow healing 1, torment resistance, unbreathing
a: Minor Destruction, Lesser Servant of Makhleb, Major Destruction, Greater
Servant of Makhleb, Renounce Religion


You were in the Dungeon.
You worshipped Makhleb.
Makhleb was exalted by your worship.
You were not hungry.

You visited 1 branch

Inventory:

Hand weapons
 a - a +0 hand axe
 l - the +∞ Axe of Woe (weapon)
   (You found it in the Dungeon)
Missiles
 e - 5 tomahawks of dispersal (quivered)
Armour
 b - a +0 leather armour (worn)
Jewellery
 m - a ring of see invisible (left claw)
Scrolls
 d - 2 scrolls of blinking
Potions
 g - a potion of curing
 h - a potion of heal wounds
 i - a potion of haste
 j - 2 potions of magic
 k - a potion of berserk rage
Books
 c - a book of Spatial Translocations

   Spells                             Type                      Level
   a - Apportation                    Translocation                1
   b - Blink                          Translocation                2
   c - Shroud of Golubria             Charms/Translocation         2
   d - Portal Projectile              Translocation                3
   e - Teleport Other                 Translocation                3
   f - Passage of Golubria            Translocation                4
Comestibles
 f - a meat ration


   Skills:
 O Level 27 Fighting
 O Level 27 Axes
 O Level 27 Throwing
 O Level 27 Armour
 O Level 27 Dodging
 O Level 27 Stealth
 O Level 27 Unarmed Combat
 O Level 27 Spellcasting
 O Level 27 Translocations
 O Level 27 Invocations


You had 73 spell levels left.
You knew the following spells:

 Your Spells              Type           Power        Failure   Level  Hunger
a - Apportation           Tloc           ######....   0%          1    None
b - Blink                 Tloc           N/A          0%          2    None
c - Passage of Golubria   Tloc           N/A          0%          4    #......


Dungeon Overview and Level Annotations

Branches:
Dungeon (1/1)

Altars:
Makhleb

Annotations:
D The Defiler


Innate Abilities, Weirdness & Mutations

Your body is rotting away.
You thrive on raw meat.
You are immune to poison.
You have sharp fingernails.
You are carnivorous and can eat meat at any time.
Your flesh is cold resistant.
You are immune to negative energy.
You heal slowly when monsters are visible.
You are immune to unholy pain and torment.
You can survive without breathing.


Message History

An accursed comes into view.
You hear a shout! x7
The fleshlord gestures wildly while chanting.
The fleshlord seems to speed up.
The Defiler breathes poison at you. The blast of poison engulfs you!
You resist.
You hear a shout! x3
The dread throws hellfire at you.
The hellfire explodes!
The burst of hellfire engulfs you!
You hear a shout! x3
The accursed points at you and mumbles some strange words.
Something smites you!
* * * LOW HITPOINT WARNING * * *
The fleshlord is engulfed in poison gas.
The fleshlord is poisoned.
The fleshlord casts a spell.
The fleshlord seems to speed up.
The Defiler throws fire at you.
The fireball explodes!
The fireball engulfs you!
You die...

.. ......#.)))...#... ..2
W.%.......)%...W.o. ...#
#o#..%..........MpS.
...§#)#..........)......#
...#)#.#W.......))oMSW##.
#..)#§#.....#..).)...#...
#...))).......))))O..#...
..##)......##@#§§§.......
...##..)...)o.§§@§p......
#.....)####)p..#§§§..####
####..)))W§.....§).....#.
####W.....))))).......
####......)........
################


You could see 2 accurseds, 2 scourges, 3 fleshlords, The Defiler, a wretched
soul (wandering), 2 dreads, a meat berserker (berserk) and 3 bags of meat.

Vanquished Creatures
  A hell knight (D)
  3 hell beasts (D)
  2 greater mummies (D)
  4 great orbs of eyes (D)
  8 wraiths (D)
  4 vampire knights (D)
  23 ogres (D)
  2 liches (D)
  59 orcs (D)
  4 phantoms (D)
  5 hill giants (D)
  5 skeletal warriors (D)
  A small abomination (D)
  5 large abominations (D)
  3 crawling corpses (D)
129 creatures vanquished.

Vanquished Creatures (others)
  2 crawling corpses (D)
2 creatures vanquished.

Grand Total: 131 creatures vanquished

Notes
Turn   | Place    | Note
--------------------------------------------------------------
     0 | D        | ztt the Ghoul Warper began the quest for the Orb.
     0 | D        | Reached XP level 1. HP: 17/17 MP: 2/2
     3 | D        | Noticed a bag of meat
     4 | D        | Became a worshipper of Makhleb the Destroyer
     5 | D        | Noticed a bag of meat
     6 | D        | Noticed a bag of meat
     6 | D        | Noticed a bag of meat
     7 | D        | Noticed a bag of meat
     8 | D        | Killed a bag of meat
     8 | D        | Reached skill level 11 in Fighting
     8 | D        | Reached skill level 10 in Spellcasting
     8 | D        | Reached skill level 17 in Translocations
     8 | D        | Reached XP level 2. HP: 19/39 MP: 2/12
     8 | D        | Reached XP level 3. HP: 22/46 MP: 2/14
     8 | D        | Reached XP level 4. HP: 25/54 MP: 2/15
     8 | D        | Reached XP level 5. HP: 27/60 MP: 2/17
     8 | D        | Reached XP level 6. HP: 30/67 MP: 2/18
     8 | D        | Reached XP level 7. HP: 32/73 MP: 2/20
     8 | D        | Reached XP level 8. HP: 35/81 MP: 2/21
     8 | D        | Reached XP level 9. HP: 38/88 MP: 2/22
     8 | D        | Reached XP level 10. HP: 41/95 MP: 2/23
     8 | D        | Reached XP level 11. HP: 43/101 MP: 2/24
     8 | D        | Reached XP level 12. HP: 46/109 MP: 2/25
     9 | D        | Noticed a bag of meat
     9 | D        | Noticed a bag of meat
     9 | D        | Noticed a bag of meat
     9 | D        | Noticed a bag of meat
     9 | D        | Noticed a bag of meat
     9 | D        | Noticed a bag of meat
     9 | D        | Noticed a bag of meat
     9 | D        | Killed a bag of meat
     9 | D        | Acquired Makhleb's first power
     9 | D        | Reached skill level 10 in Dodging
     9 | D        | Reached skill level 20 in Translocations
     9 | D        | Reached XP level 13. HP: 16/121 MP: 2/27
     9 | D        | Killed a bag of meat
     9 | D        | Reached skill level 5 in Armour
     9 | D        | Reached skill level 21 in Translocations
     9 | D        | Reached XP level 14. HP: 17/131 MP: 2/29
     9 | D        | Killed a bag of meat
     9 | D        | Acquired Makhleb's second power
     9 | D        | Reached skill level 15 in Fighting
     9 | D        | Reached skill level 23 in Translocations
    10 | D        | Noticed a bag of meat
    10 | D        | Noticed a bag of meat
    10 | D        | Noticed a bag of meat
    10 | D        | Noticed a bag of meat
    11 | D        | Noticed a bag of meat
    11 | D        | Noticed a meat berserker
    12 | D        | Noticed a bag of meat
    12 | D        | Noticed a bag of meat
    12 | D        | Noticed a meat berserker
    12 | D        | Noticed a bag of meat
    12 | D        | Killed a bag of meat
    12 | D        | Reached skill level 24 in Translocations
    12 | D        | Reached XP level 15. HP: 17/142 MP: 3/32
    12 | D        | Killed a bag of meat
    12 | D        | Acquired Makhleb's third power
    12 | D        | Reached skill level 15 in Axes
    12 | D        | Reached skill level 5 in Throwing
    12 | D        | Reached skill level 15 in Spellcasting
    12 | D        | Reached skill level 25 in Translocations
    12 | D        | HP: 4/144 [meat berserker/+9 battleaxe (57)]
    13 | D        | Killed a meat berserker
    13 | D        | Reached skill level 26 in Translocations
    13 | D        | Reached XP level 16. HP: 66/157 MP: 3/35
    13 | D        | Killed a bag of meat
    13 | D        | Reached skill level 15 in Dodging
    13 | D        | Reached skill level 27 in Translocations
    13 | D        | Killed a bag of meat
    13 | D        | Acquired Makhleb's fourth power
    13 | D        | Reached XP level 17. HP: 119/170 MP: 3/37
    13 | D        | Killed a bag of meat
    14 | D        | Noticed a bag of meat
    14 | D        | Killed a bag of meat
    14 | D        | Reached skill level 10 in Armour
    14 | D        | Killed a bag of meat
    14 | D        | Acquired Makhleb's fifth power
    14 | D        | Reached XP level 18. HP: 85/187 MP: 3/40
    14 | D        | Killed a bag of meat
    14 | D        | Killed a bag of meat
    14 | D        | Killed a bag of meat
    15 | D        | Noticed a bag of meat
    15 | D        | Noticed a meat berserker
    15 | D        | Killed a bag of meat
    15 | D        | Reached XP level 19. HP: 200/203 MP: 4/43
    15 | D        | Killed a bag of meat
    16 | D        | Killed a meat berserker
    16 | D        | Reached skill level 27 in Fighting
    16 | D        | Reached skill level 27 in Axes
    16 | D        | Reached skill level 10 in Throwing
    17 | D        | Killed a bag of meat
    17 | D        | Killed a bag of meat
    17 | D        | Reached skill level 15 in Armour
    17 | D        | Reached XP level 20. HP: 215/215 MP: 4/48
    18 | D        | Killed a bag of meat
    19 | D        | Noticed a meat berserker
    19 | D        | Killed a bag of meat
    20 | D        | Killed a meat berserker
    20 | D        | Reached skill level 27 in Spellcasting
    21 | D        | Noticed a bag of meat
    22 | D        | Killed a bag of meat
    22 | D        | Reached skill level 15 in Throwing
    22 | D        | Reached skill level 27 in Dodging
    22 | D        | Reached XP level 21. HP: 223/223 MP: 5/51
    23 | D        | Noticed a bag of meat
    24 | D        | Noticed a bag of meat
    24 | D        | Noticed a bag of meat
    25 | D        | Noticed a bag of meat
    25 | D        | Noticed a large bag of meat
    25 | D        | Noticed a bag of meat
    25 | D        | Noticed a bag of meat
    25 | D        | Noticed a large bag of meat
    26 | D        | Noticed a meat berserker
    26 | D        | Noticed a bag of meat
    26 | D        | Noticed a bag of meat
    26 | D        | Noticed a bag of meat
    26 | D        | Noticed a bag of meat
    27 | D        | Killed a bag of meat
    28 | D        | Noticed a bag of meat
    28 | D        | Noticed a bag of meat
    28 | D        | Killed a bag of meat
    28 | D        | Killed a bag of meat
    28 | D        | Killed a meat berserker
    28 | D        | Reached skill level 27 in Armour
    28 | D        | Reached XP level 22. HP: 232/232 MP: 7/52
    29 | D        | Noticed a destroyer
    29 | D        | Noticed a destroyer
    29 | D        | Noticed a meat berserker
    29 | D        | Noticed a large bag of meat
    30 | D        | Killed a bag of meat
    30 | D        | Killed a large bag of meat
    31 | D        | Killed a destroyer
    31 | D        | Reached skill level 27 in Throwing
    32 | D        | Noticed a sculptor of flesh
    32 | D        | Noticed a sculptor of flesh
    32 | D        | Killed a meat berserker
    32 | D        | Reached XP level 23. HP: 239/239 MP: 8/53
    32 | D        | Killed a bag of meat
    32 | D        | Reached skill level 15 in Unarmed Combat
    32 | D        | Reached skill level 15 in Invocations
    32 | D        | Killed a bag of meat
    33 | D        | Killed a large bag of meat
    33 | D        | Killed a bag of meat
    34 | D        | Noticed a meat berserker
    34 | D        | Noticed a bag of meat
    34 | D        | Killed a bag of meat
    34 | D        | Killed a meat berserker
    34 | D        | Reached XP level 24. HP: 248/248 MP: 8/53
    34 | D        | Killed a bag of meat
    34 | D        | Killed a bag of meat
    34 | D        | Reached skill level 27 in Stealth
    34 | D        | Killed a bag of meat
    34 | D        | Reached skill level 27 in Unarmed Combat
    34 | D        | Reached skill level 27 in Invocations
    34 | D        | Killed a bag of meat
    36 | D        | Noticed a bag of meat
    38 | D        | Killed a bag of meat
    38 | D        | Killed a sculptor of flesh
    39 | D        | Killed a meat berserker
    39 | D        | Reached XP level 25. HP: 256/256 MP: 10/53
    40 | D        | Killed a bag of meat
    40 | D        | Killed a large bag of meat
    41 | D        | Noticed a sculptor of flesh
    41 | D        | Killed a sculptor of flesh
    41 | D        | Killed a destroyer
    42 | D        | Killed a bag of meat
    44 | D        | Noticed a sculptor of flesh
    44 | D        | Killed a bag of meat
    44 | D        | Reached XP level 26. HP: 265/265 MP: 11/53
    50 | D        | Killed a sculptor of flesh
    57 | D        | Killed a sculptor of flesh
    59 | D        | Noticed a sculptor of flesh
    61 | D        | Noticed a meat berserker
    61 | D        | Learned a level 2 spell: Blink
    63 | D        | Noticed a meat berserker
    63 | D        | Noticed a meat berserker
    66 | D        | Learned a level 4 spell: Passage of Golubria
    66 | D        | Killed a meat berserker
    67 | D        | Noticed a meat berserker
    67 | D        | Killed a meat berserker
    67 | D        | Killed a meat berserker
    67 | D        | Reached XP level 27. HP: 272/272 MP: 18/53
    69 | D        | Noticed a meat berserker
    69 | D        | Noticed a meat berserker
    70 | D        | Noticed a dread
    71 | D        | Killed a meat berserker
    72 | D        | Noticed a bag of meat
    72 | D        | Noticed a bag of meat
    72 | D        | Killed a meat berserker
    73 | D        | Noticed a large bag of meat
    74 | D        | Killed a meat berserker
    74 | D        | Killed a dread
    76 | D        | Noticed a wretched soul
    77 | D        | Killed a bag of meat
    78 | D        | Noticed a meat berserker
    78 | D        | Killed a large bag of meat
    79 | D        | Noticed a meat berserker
    79 | D        | Killed a bag of meat
    80 | D        | Noticed a meat berserker
    81 | D        | Noticed a bag of meat
    83 | D        | Noticed a bag of meat
    84 | D        | Killed a bag of meat
    85 | D        | Killed a meat berserker
    86 | D        | Killed a meat berserker
    88 | D        | Killed a meat berserker
    89 | D        | Noticed a meat beast
    90 | D        | Killed a bag of meat
    91 | D        | Killed a meat beast
    91 | D        | Noticed an observer
    92 | D        | Killed an observer
    93 | D        | Noticed a bag of meat
    93 | D        | Noticed a bag of meat
    93 | D        | Noticed a meat berserker
    93 | D        | Noticed a dread
    93 | D        | Noticed a wretched soul
    94 | D        | Noticed an observer
    94 | D        | Noticed a bag of meat
    94 | D        | Killed a meat berserker
    94 | D        | Killed an observer
    95 | D        | Noticed a bag of meat
    95 | D        | Noticed an accursed
    96 | D        | Noticed a meat berserker
    96 | D        | Noticed an accursed
    96 | D        | Noticed a bag of meat
    96 | D        | Killed a wretched soul
    97 | D        | Killed a dread
    98 | D        | Noticed a bag of meat
    98 | D        | Noticed a meat berserker
    98 | D        | Noticed a tyrant
    98 | D        | Noticed an observer
    98 | D        | Killed a bag of meat
    99 | D        | Noticed a bag of meat
    99 | D        | Noticed a wretched soul
    99 | D        | Noticed a meat beast
    99 | D        | Noticed a wretched soul
    99 | D        | Noticed a bag of meat
    99 | D        | Noticed a bag of meat
   100 | D        | Noticed a bag of meat
   100 | D        | Noticed a large bag of meat
   100 | D        | Noticed a destroyer
   100 | D        | Killed a bag of meat
   100 | D        | Killed an accursed
   100 | D        | Killed an observer
   101 | D        | Killed a meat berserker
   102 | D        | Noticed a meat berserker
   102 | D        | Noticed a dread
   103 | D        | Killed a bag of meat
   104 | D        | Noticed a dread
   104 | D        | Killed a wretched soul
   104 | D        | Killed a tyrant
   105 | D        | Noticed a bag of meat
   105 | D        | Killed a meat beast
   106 | D        | Noticed a tyrant
   106 | D        | Noticed a bag of meat
   107 | D        | Noticed a dread
   107 | D        | Noticed a dread
   107 | D        | Killed a meat berserker
   108 | D        | Noticed a sculptor of flesh
   108 | D        | Noticed a bag of meat
   109 | D        | Noticed a meat berserker
   109 | D        | Killed a bag of meat
   109 | D        | Killed a wretched soul
   110 | D        | Killed a bag of meat
   110 | D        | Killed a meat berserker
   110 | D        | Killed a tyrant
   111 | D        | Noticed a bag of meat
   111 | D        | Noticed a meat berserker
   111 | D        | Killed a large bag of meat
   111 | D        | Killed a destroyer
   111 | D        | Killed a bag of meat
   112 | D        | Noticed a bag of meat
   112 | D        | Killed a bag of meat
   112 | D        | Killed a bag of meat
   113 | D        | Noticed a meat berserker
   114 | D        | Killed an accursed
   114 | D        | Killed a meat berserker
   114 | D        | Killed a bag of meat
   115 | D        | Noticed a bag of meat
   115 | D        | Killed a dread
   115 | D        | Killed a bag of meat
   116 | D        | Noticed a bag of meat
   116 | D        | Noticed a dread
   116 | D        | Noticed a destroyer
   116 | D        | Killed a bag of meat
   116 | D        | Killed a bag of meat
   117 | D        | Killed a bag of meat
   117 | D        | Killed a meat berserker
   117 | D        | Killed a dread
   118 | D        | Noticed a bag of meat
   118 | D        | Killed a destroyer
   118 | D        | Killed a meat berserker
   119 | D        | Noticed a dread
   119 | D        | Noticed a bag of meat
   119 | D        | Killed a bag of meat
   120 | D        | Noticed a bag of meat
   120 | D        | Killed a dread
   121 | D        | Killed a bag of meat
   122 | D        | Killed a sculptor of flesh
   122 | D        | Killed a bag of meat
   123 | D        | Noticed a fleshlord
   123 | D        | Noticed a meat beast
   123 | D        | Noticed a dread
   125 | D        | Noticed a meat beast
   125 | D        | Noticed The Defiler
   127 | D        | Killed a dread
   129 | D        | Killed a bag of meat
   129 | D        | Killed a meat beast
   129 | D        | Killed a bag of meat
   130 | D        | Noticed a fleshlord
   130 | D        | Noticed an observer
   131 | D        | Killed a dread
   131 | D        | Killed a fleshlord
   132 | D        | Killed a wretched soul
   133 | D        | Killed a dread
   133 | D        | Killed an observer
   134 | D        | Noticed a meat berserker
   134 | D        | Noticed a fleshlord
   134 | D        | Noticed a dread
   135 | D        | Noticed an accursed
   135 | D        | Noticed a bag of meat
   135 | D        | Noticed a fleshlord
   135 | D        | Noticed an accursed
   135 | D        | Killed from afar by The Defiler

Vault maps used:
D:        meatsprint

Action                   |  1- 3 |  4- 6 |  7- 9 | 10-12 | 13-15 | 16-18 | 19-21 | 22-24 | 25-27 || total
-------------------------+-------+-------+-------+-------+-------+-------+-------+-------+-------++-------
Melee: Executioner's axe |     1 |       |       |     1 |     2 |     2 |     8 |     9 |    53 ||    76
 Cast: Blink             |       |       |       |       |       |       |       |       |     6 ||     6
